 Dungeon Crawl Stone Soup version 0.14-a0-770-g009d3a2 (webtiles) character file.

251 Malachi the Stinger (level 5, 0/33 HPs)
             Began as a Formicid Venom Mage on Nov 9, 2013.
             Slain by Sigmund
             ... wielding a +2,+0 scythe
              (4 damage)
             ... on Level 3 of the Dungeon.
             The game lasted 00:06:28 (2694 turns).

Malachi the Stinger (Formicid Venom Mage)           Turns: 2694, Time: 00:06:28

HP   0/33        AC  3     Str 13      XL: 5   Next: 46%
MP   3/9         EV 12     Int 15      God:
Gold 111         SH  0     Dex 11      Spells:  3 memorised,  1 level left

Res.Fire  : . . .   See Invis. : .   t - +0,+1 spear (distort)
Res.Cold  : . . .   Warding    : .   a - +0 robe
Life Prot.: . . .   Conserve   : .   (no shield)
Res.Poison: x       Res.Corr.  : .   (helmet restricted)
Res.Elec. : .       Clarity    : .   (no cloak)
Sust.Abil.: . .     Spirit.Shd : .   (no gloves)
Res.Mut.  : .       Stasis     : +   (no boots)
Res.Rott. : .       Flight     : .   (no amulet)
Saprovore : . . .                    (no ring)
                                     (no ring)

@: slightly resistant to hostile enchantments, fairly stealthy
A: permanent stasis, dig shafts and tunnels, four strong arms, poison weakness,
antennae 1, exoskeleton 1
a: Dig, Shaft Self


You were on level 3 of the Dungeon.
You were not hungry.

You visited 1 branch of the dungeon, and saw 3 of its levels.

You collected 111 gold pieces.

Inventory:

Hand weapons
 d - a +0,+0 flail
 p - a +1,+2 dwarven dagger of holy wrath
 t - a +0,+1 spear of distortion (weapon)
Armour
 a - a +0 robe (worn)
Comestibles
 c - 3 bread rations
 h - a meat ration
 u - a rotting chunk of rat flesh
Scrolls
 g - a scroll of recharging {unknown}
 i - a scroll of random uselessness {unknown}
 k - a scroll of teleportation {unknown}
 m - 3 scrolls of remove curse {unknown}
 o - a scroll of fear {unknown}
 q - a scroll of noise {unknown}
 s - a scroll of identify {unknown}
Potions
 f - a potion of flight {unknown}
 j - a potion of slowing {unknown}
 l - a potion of mutation {unknown}
 n - a potion of heal wounds
Books
 b - a Young Poisoner's Handbook

   Spells                             Type                      Level
   *Sting                             Conjuration/Poison           1
   *Cure Poison                       Poison                       2
   *Mephitic Cloud                    Conjuration/Poison/Air       3
   Olgreb's Toxic Radiance            Poison                       4
   Venom Bolt                         Conjuration/Poison           5


   Skills:
 + Level 2.4 Dodging
 + Level 2.6 Stealth
 + Level 1.8 Spellcasting
 + Level 1.0 Conjurations
 * Level 7.2 Poison Magic


You had one spell level left.
You knew the following spells:

 Your Spells              Type           Power        Failure   Level  Hunger
a - Sting                 Conj/Pois      ##..         4%          1    ##.....
b - Cure Poison           Pois           ###.......   1%          2    ###....
c - Mephitic Cloud        Conj/Pois/Air  #.......     24%         3    ####...


Dungeon Overview and Level Annotations

Branches:
Dungeon (3/27)

Altars:

Annotations:
D:3 Sigmund


Innate Abilities, Weirdness & Mutations

Your are under a permanent stasis effect.
You can dig through walls and to a lower floor.
Your four strong arms can wield any weapon, most with a shield.
You are susceptible to poison.
You have a pair of small antennae on your head.
Your body is surrounded by an exoskeleton. (HP +5, AC +1)


Message History

Aiming: Sting
Press: ? - help, Shift-Dir - straight line
Casting: Sting
Confirm with . or Enter, or press ? or * to list all spells.
Aiming: Sting
Press: ? - help, Shift-Dir - straight line The sting hits something.
You hear some strange, mumbled words.
You are confused.
Ouch! It hits you!
Ouch! It hits you!
Drink which item? (? for menu, Esc to quit)
You feel better.
You hear some strange, mumbled words.
The puff of flame hits you!
You barely miss it. It hits you but does no damage.
You closely miss it. It hits you!
* * * LOW HITPOINT WARNING * * *
It hits you.
You die...

.......!...........#.#
.#####..##.###.#.#.#.#
#..##.# #.#.#.# #
#..##.###.#.#.#
#.%##.. .......
#..##.# #.#.#.#
###..##.###.#.#.#
#.............#
#.#..##.###.#@#
#.#..##.# #.#.# #
#.......###)#.#.#.##
###................#
#.........#.######
#####.#.###.#.#
......>......#.#
#####.#.###.#.# #.#.#
#.#.#


There were no monsters in sight!

Vanquished Creatures
  Ijyb (D:2)
  An adder (D:3)
  5 gnolls
  A worm (D:2)
  3 giant geckos (D:2)
  A ball python (D:2)
  6 bats
  A giant cockroach (D:2)
  6 goblins
  3 hobgoblins
  15 jackals
  7 kobolds
  2 quokkas
  7 rats
59 creatures vanquished.

Notes
Turn   | Place    | Note
--------------------------------------------------------------
     0 | D:1      | Malachi, the Formicid Venom Mage, began the quest for the Orb.
     0 | D:1      | Reached XP level 1. HP: 15/15 MP: 3/3
   266 | D:1      | Reached XP level 2. HP: 20/20 MP: 2/4
   390 | D:1      | Reached skill level 6 in Poison Magic
   797 | D:1      | Reached XP level 3. HP: 24/24 MP: 0/5
  1011 | D:1      | Learned a level 2 spell: Cure Poison
  1276 | D:2      | Noticed Ijyb
  1490 | D:2      | Reached XP level 4. HP: 29/29 MP: 5/7
  1679 | D:2      | Killed Ijyb
  1963 | D:2      | Reached skill level 1 in Conjurations
  1963 | D:2      | Reached XP level 5. HP: 20/33 MP: 1/9
  2142 | D:2      | Reached skill level 7 in Poison Magic
  2544 | D:2      | Learned a level 3 spell: Mephitic Cloud
  2674 | D:3      | Noticed Sigmund
  2694 | D:3      | Slain by Sigmund

Action                   |  1- 3 |  4- 6 || total
-------------------------+-------+-------++-------
Melee: Unarmed           |     9 |     1 ||    10
       Dagger            |       |    17 ||    17
       Spear             |       |    18 ||    18
 Cast: Sting             |    59 |    66 ||   125
  Use: Potion            |     1 |     2 ||     3
 Stab: Distracted        |       |     1 ||     1
